 Dungeon Crawl Stone Soup version 0.19.1 (webtiles) character file.

25562 dvd the Basher (level 12, -9/114 HPs)
             Began as a Troll Warper on Nov 24, 2016.
             Was a High Priest of Cheibriados.
             Mangled by a death yak (17 damage)
             ... on level 6 of the Lair of Beasts.
             The game lasted 00:58:30 (13732 turns).

dvd the Basher (Troll Warper)                      Turns: 13732, Time: 00:58:30

Health: -9/114     AC: 13    Str: 33    XL:     12   Next: 90%
Magic:  1/18       EV: 15    Int: 21    God:    Cheibriados [*****.]
Gold:   760        SH:  0    Dex: 21    Spells: 5 memorised, 8 levels left

rFire  + . .     SeeInvis +     i - +8 mace "Ydigimn" {crush, rF+ rN+}
rCold  + . .     Gourm    +     E - +0 robe {MR+}
rNeg   + . .     Faith    .     (no shield)
rPois  .         Spirit   .     u - +0 hat {SInv}
rElec  .         Reflect  .     K - +2 cloak
rCorr  .         Harm     .     (gloves unavailable)
MR     +....     Clarity  +     (boots unavailable)
Stlth  +++.......               (no amulet)
                                P - ring of protection from cold
                                m - +5 ring of protection

@: very slow
A: unfitting armour, claws 3, blurry vision 1, clarity, clumsy 1, fast
metabolism 3, gourmand, regeneration 1, shaggy fur 1, tough skin 2
a: Bend Time, Temporal Distortion, Slouch, Step From Time, Renounce Religion


You were on level 6 of the Lair of Beasts.
You worshipped Cheibriados.
Cheibriados was extremely pleased with you.
You were very full.

You visited 2 branches of the dungeon, and saw 16 of its levels.

You collected 760 gold pieces.

Inventory:

Hand Weapons
 a - a +5 whip of electrocution
 i - the +8 mace "Ydigimn" (weapon) {crush, rF+ rN+}
   (You found it on level 3 of the Lair of Beasts)

   It inflicts extra damage upon your enemies.
   It protects you from fire.
   It protects you from negative energy.
 n - a +0 broad axe of electrocution
 y - a +1 war axe of freezing
 B - a +0 giant spiked club of flaming
 M - a +1 falchion of holy wrath
Missiles
 q - 166 stones
 t - 3 poisoned javelins (quivered)
Armour
 r - a +1 robe of fire resistance
 u - a +0 hat of see invisible (worn)
 E - a +0 robe of magic resistance (worn)
 K - a +2 cloak (worn)
Jewellery
 m - a +5 ring of protection (left claw)
 C - an uncursed amulet of guardian spirit
 O - an uncursed ring of protection from fire
 P - a ring of protection from cold (right claw)
Wands
 b - a wand of flame (35/48)
 k - a wand of acid (3/15)
 x - a wand of flame (41/48)
 D - a wand of confusion (8/48)
 I - a wand of confusion (27/48)
 N - a wand of slowing (22/48)
Scrolls
 d - a scroll of blinking
 e - 3 scrolls of brand weapon
 g - 12 scrolls of remove curse
 h - a scroll of fear
 l - 2 scrolls of amnesia
 s - 3 scrolls of identify
 A - a scroll of fog
 G - 2 scrolls of teleportation
 H - 4 scrolls of recharging
Potions
 p - 3 potions of curing
 v - a potion of might
 Q - a potion of flight
Books
 c - a book of Spatial Translocations

   Spells                             Type                      Level
   a - Blink                          Translocation                2
   b - Shroud of Golubria             Charms/Translocation         2
   c - Lesser Beckoning               Translocation                3
   d - Portal Projectile              Translocation                3
   e - Teleport Other                 Translocation                3
   f - Passage of Golubria            Translocation                4
 J - a book of Changes

   Spells                             Type                      Level
   a - Beastly Appendage              Transmutation                1
   b - Sticks to Snakes               Transmutation                2
   c - Spider Form                    Transmutation/Poison         3
   d - Ice Form                       Ice/Transmutation            4
   e - Blade Hands                    Transmutation                5
Comestibles
 f - 10 bread rations
 j - 5 meat rations
 o - 14 fruits
 w - a royal jelly
 z - 5 slices of pizza
 F - 12 beef jerkies


   Skills:
 + Level 6.0 Fighting
 + Level 2.8(6.1) Axes
 + Level 9.3(9.6) Maces & Flails
 + Level 6.2 Throwing
 + Level 6.8 Dodging
 + Level 3.2 Stealth
 + Level 5.0 Spellcasting
 + Level 3.5 Charms
 + Level 6.3 Translocations
 + Level 6.1 Invocations
 + Level 1.0 Evocations


You had 8 spell levels left.
You knew the following spells:

 Your Spells              Type           Power        Failure   Level  Hunger
a - Shroud of Golubria    Chrm/Tloc      ####......   1%          2    None
b - Blink                 Tloc           N/A          1%          2    None
c - Teleport Other        Tloc           ####....     2%          3    ##.....
d - Portal Projectile     Tloc           ####..       2%          3    ##.....
e - Lesser Beckoning      Tloc           ####......   2%          3    ##.....


Dungeon Overview and Level Annotations

Branches:
Dungeon (11/15)            Temple (0/1) D:7            Lair (4/6) D:11
 Shoals (0/4) Lair:3       Spider (0/4) Lair:2          Orc (0/2) D:10

Altars:
Cheibriados
Makhleb
Okawaru
Ru
Vehumet
Zin

Shops:
D:6 *

Annotations:
D:8 4 runed doors


Innate Abilities, Weirdness & Mutations

You are too large for most types of armour.
You have claws for hands.
Your metabolism is lightning-fast.
You like to eat raw meat.
Your natural rate of healing is unusually fast.
You are covered in fur. (AC +1)
You have very tough skin. (AC +2)
Scrolls take you a little longer to read.
You possess an exceptional clarity of mind.
You are clumsy. (Dex -2)


Message History

The death yak is almost dead.
The death yak gores you! x2
Unknown command.
You hit the death yak.
The death yak is almost dead.
The death yak closely misses you. The death yak gores you.
The death yak gores you!!
* * * LOW HITPOINT WARNING * * *
Unknown command.
Really read with blurry vision while enemies are nearby? [Y]es or [N]o only, please.
Really read with blurry vision while enemies are nearby? [Y]es or [N]o only, please.
Really read with blurry vision while enemies are nearby? [Y]es or [N]o only, please.
Really read with blurry vision while enemies are nearby?
The death yak gores you!!
* * * LOW HITPOINT WARNING * * *
The death yak gores you!
You die...

.............. ..
.............
...##............
./...#............
P...#.....<....$..
#P...#............
##P...P.....†......
###.....P....@Y......
#.#.....PP...YYY.....
............Y.......
#..............†...
###.................(
#......#.#...........
#.....###..........
#.....###..........
##......##..#.#....


You could see 5 death yaks.

Vanquished Creatures
  Gastronok (Lair:2)
  A hydra (D:11)
  A centaur warrior (D:10)
  A death yak (Lair:6)
  An unseen horror (D:9)
  The ghost of Uhlv the Ducker, a novice DDMo of Makhleb (D:7)
  A hill giant (D:10)
  Pikel (D:6)
  A lindwurm (Lair:2)
  2 wolf spiders (Lair:2)
  2 ugly things (D:11)
  A manticore (Lair:3)
  3 elephants (Lair:2)
  3 black mambas (Lair:2)
  A centaur zombie (D:11)
  A torpor snail (Lair:4)
  A gargoyle (D:10)
  2 spiny frogs
  A rime drake (Lair:4)
  3 komodo dragons (Lair:2)
  2 two-headed ogres
  3 dream sheep (Lair:4)
  10 hippogriffs
  A redback (Lair:2)
  2 wyverns
  13 yaks
  A basilisk (Lair:2)
  A warg (D:10)
  2 hell hounds (D:11)
  2 porcupines
  5 water moccasins
  8 orc warriors
  3 black bears
  5 sky beasts
  4 phantoms
  5 ogres
  12 wolves
  3 centaurs
  8 crocodiles
  The ghost of Erac the Conjurer, an amateur HECj (D:3)
  A big kobold (D:11)
  8 bullfrogs
  A scorpion (D:9)
  11 killer bees
  4 wights (D:8)
  2 electric eels (Lair:2)
  5 crimson imps
  A howler monkey (D:9)
  2 bullfrog zombies
  A gnoll shaman (D:8)
  A centaur skeleton (D:6)
  5 hounds
  A bullfrog skeleton (D:11)
  A jelly (D:11)
  12 orc wizards
  A quasit (D:10)
  6 orc priests
  Crazy Yiuf (D:6)
  3 iguanas
  4 worker ants
  2 hound skeletons (D:8)
  3 worker ant zombies
  10 gnolls
  9 adders
  An ooze (D:1)
  2 adder skeletons (D:5)
  An adder zombie (D:8)
  2 worms
  4 dart slugs
  6 leopard geckos
  51 orcs
  A ball python (D:1)
  5 giant cockroaches
  6 goblins
  3 hobgoblins
  11 jackals
  15 kobolds
  7 quokkas
  4 bats
  2 frilled lizards
  A jackal skeleton (D:7)
  2 leopard gecko skeletons
  A leopard gecko zombie (D:5)
  2 quokka skeletons
  8 rats
  2 plants (Lair:4)
352 creatures vanquished.

Vanquished Creatures (others)
  A sky beast (D:6)
  A slave (D:6)
  9 fungi
  A plant (Lair:3)
  9 toadstools (Lair:2)
21 creatures vanquished.

Grand Total: 373 creatures vanquished

Notes
Turn   | Place    | Note
-------+----------+-------------------------------------------
     0 | D:1      | dvd the Troll Warper began the quest for the Orb.
     0 | D:1      | Reached XP level 1. HP: 19/19 MP: 1/1
    54 | D:1      | Reached skill level 2 in Maces & Flails
   130 | D:1      | Reached XP level 2. HP: 27/27 MP: 3/3
   146 | D:1      | Reached skill level 1 in Throwing
   462 | D:1      | Learned a level 2 spell: Shroud of Golubria
   523 | D:1      | Reached XP level 3. HP: 35/35 MP: 4/4
  1161 | D:2      | Reached XP level 4. HP: 42/42 MP: 2/5
  1165 | D:2      | Learned a level 2 spell: Blink
  1388 | D:3      | Reached skill level 3 in Maces & Flails
  1712 | D:3      | You fall through a shaft for 2 floors!
  1712 | D:5      | Entered Level 5 of the Dungeon
  2025 | D:4      | Reached XP level 5. HP: 34/49 MP: 4/6
  2128 | D:4      | Noticed an ogre
  2138 | D:4      | Killed an ogre
  2138 | D:4      | Reached XP level 6. HP: 57/57 MP: 5/7
  2226 | D:4      | Reached skill level 4 in Maces & Flails
  2452 | D:3      | Noticed Erac's ghost (amateur HECj)
  2461 | D:3      | Killed Erac's ghost
  2525 | D:3      | Found a radiant altar of Vehumet.
  3051 | D:5      | Reached XP level 7. HP: 53/66 MP: 8/8
  3240 | D:5      | Reached skill level 5 in Maces & Flails
  3361 | D:5      | Reached skill level 1 in Charms
  3497 | D:5      | Reached skill level 1 in Stealth
  3615 | D:5      | Found a sacrificial altar of Ru.
  3623 | D:5      | Became a worshipper of Ru the Awakened
  3768 | D:6      | Found Zin's Purification Station.
  3774 | D:6      | Found a glowing silver altar of Zin.
  3812 | D:6      | Found an iron altar of Okawaru.
  3814 | D:6      | Found a snail-covered altar of Cheibriados.
  3817 | D:6      | Found a burning altar of Makhleb.
  3824 | D:6      | Fell from the grace of Ru
  3824 | D:6      | Became a worshipper of Cheibriados the Contemplative
  3943 | D:6      | Noticed Pikel
  3954 | D:6      | Killed Pikel
  3954 | D:6      | Reached skill level 6 in Maces & Flails
  3954 | D:6      | Reached XP level 8. HP: 56/74 MP: 6/10
  4289 | D:6      | Found a runed door.
  4293 | D:6      | Noticed Crazy Yiuf
  4308 | D:6      | Killed Crazy Yiuf
  4779 | D:7      | Noticed Uhlv's ghost (novice DDMo)
  4840 | D:7      | Killed Uhlv's ghost
  4840 | D:7      | Reached XP level 9. HP: 11/83 MP: 11/11
  5010 | D:7      | Reached * piety under Cheibriados
  5396 | D:7      | Learned a level 3 spell: Teleport Other
  5400 | D:7      | Learned a level 3 spell: Portal Projectile
  5404 | D:7      | Learned a level 3 spell: Lesser Beckoning
  5412 | D:7      | Found a staircase to the Ecumenical Temple.
  5838 | D:8      | Reached skill level 1 in Axes
  5896 | D:8      | Reached ** piety under Cheibriados
  6012 | D:8      | Reached skill level 5 in Dodging
  6181 | D:8      | Reached skill level 7 in Maces & Flails
  6471 | D:8      | Noticed a polar bear
  6473 | D:8      | Noticed a polar bear
  6474 | D:8      | Found a huge runed gate.
  6547 | D:8      | Reached *** piety under Cheibriados
  6712 | D:8      | Found a huge runed gate.
  6747 | D:8      | Found a huge runed gate.
  6748 | D:8      | Found a huge runed gate.
  6748 | D:8      | Noticed a manticore
  6749 | D:8      | Noticed a manticore
  6749 | D:8      | Noticed a polar bear
  7139 | D:9      | Reached XP level 10. HP: 92/92 MP: 7/13
  7344 | D:9      | Reached skill level 1 in Invocations
  7347 | D:9      | You fall through a shaft for 2 floors!
  7347 | D:11     | Noticed a brown ugly thing
  7358 | D:11     | Killed a brown ugly thing
  7462 | D:11     | Reached **** piety under Cheibriados
  7681 | D:11     | Found a staircase to the Lair.
  7888 | D:11     | Noticed a six-headed hydra
  7917 | D:10     | Entered Level 10 of the Dungeon
  8025 | D:10     | Found a staircase to the Orcish Mines.
  8026 | D:10     | Noticed a centaur warrior
  8044 | D:10     | Killed a centaur warrior
  8111 | D:10     | Noticed a gargoyle
  8116 | D:10     | HP: 2/94 [orc warrior/dire flail (25)]
  8123 | D:10     | Reached ***** piety under Cheibriados
  8278 | D:10     | Gained mutation: Scrolls take you a little longer to read. [potion of mutation]
  8278 | D:10     | Gained mutation: You possess an exceptional clarity of mind. [potion of mutation]
  8278 | D:10     | Gained mutation: You are clumsy. (Dex -2) [potion of mutation]
  8373 | D:10     | Noticed a hill giant
  8384 | D:10     | Killed a hill giant
  8384 | D:10     | Reached XP level 11. HP: 64/101 MP: 15/15
  8392 | D:10     | Reached skill level 5 in Translocations
  8983 | D:10     | Noticed a hill giant
  9036 | D:9      | HP: 2/101 [something (10)]
  9042 | D:9      | Killed an unseen horror
  9855 | D:9      | Reached skill level 8 in Maces & Flails
 10165 | D:11     | Noticed a purple ugly thing
 10178 | D:11     | Killed a purple ugly thing
 10254 | D:11     | Killed a six-headed hydra
 10585 | Lair:1   | Entered Level 1 of the Lair of Beasts
 10592 | Lair:1   | Reached skill level 5 in Throwing
 10620 | Lair:1   | You fall through a shaft!
 10620 | Lair:2   | Noticed Gastronok
 10637 | Lair:2   | Killed Gastronok
 10637 | Lair:2   | Reached skill level 5 in Fighting
 10637 | Lair:2   | Reached skill level 5 in Invocations
 10924 | Lair:2   | Found a radiant altar of Vehumet.
 11023 | Lair:2   | Reached XP level 12. HP: 83/111 MP: 15/17
 11523 | Lair:2   | Found a runed door.
 11923 | Lair:2   | Found a hole to the Spider Nest.
 12232 | Lair:2   | Noticed a dire elephant
 12528 | Lair:3   | Found a staircase to the Shoals.
 12804 | Lair:3   | Reached skill level 9 in Maces & Flails
 12871 | Lair:3   | Reached skill level 1 in Evocations
 13163 | Lair:3   | Got an ichor-stained mace
 13164 | Lair:3   | Identified the +8 mace "Ydigimn" {crush, rF+ rN+} (You found it on level 3 of the Lair of Beasts)
 13449 | Lair:4   | Reached skill level 5 in Spellcasting
 13690 | Lair:4   | You fall through a shaft for 2 floors!
 13690 | Lair:6   | Entered Level 6 of the Lair of Beasts
 13715 | Lair:6   | Noticed a death yak
 13720 | Lair:6   | Noticed a death yak
 13722 | Lair:6   | Noticed a death yak
 13724 | Lair:6   | Noticed a death yak
 13725 | Lair:6   | Noticed a death yak
 13726 | Lair:6   | Noticed a death yak
 13728 | Lair:6   | Killed a death yak
 13732 | Lair:6   | Mangled by a death yak

Skill      XL: |  1  2  3  4  5  6  7  8  9 10 11 12 |
---------------+-------------------------------------+-----
Dodging        | 2 3 4 5 6 |  6.8
Maces & Flails | 2 3 4 6 7 8 9 |  9.3
Throwing       | 1 2 4 5 6 |  6.2
Fighting       | 2 3 4 5 6 |  6.0
Charms         | 2 3 |  3.5
Stealth        | 1 2 3 |  3.2
Translocations | 3 4 5 6 |  6.3
Spellcasting   | 2 3 4 5 |  5.0
Axes           | 2 |  2.8
Invocations    | 3 5 6 |  6.1
Evocations     | 1 |  1.0

Action                   |  1- 3 |  4- 6 |  7- 9 | 10-12 || total
-------------------------+-------+-------+-------+-------++-------
Melee: Mace              |    93 |       |       |    67 ||   160
       Whip              |    32 |   138 |   424 |   548 ||  1142
       War axe           |       |       |     7 |    15 ||    22
Throw: Tomahawk          |       |     1 |    42 |    87 ||   130
       Stone             |       |       |    24 |   122 ||   146
       Javelin           |       |       |       |     5 ||     5
 Cast: Shroud of Golubri |     2 |     9 |    16 |    40 ||    67
       Blink             |       |       |     4 |    19 ||    23
       Portal Projectile |       |       |     5 |    11 ||    16
       Lesser Beckoning  |       |       |     3 |     2 ||     5
Invok: Slouch            |       |       |       |     7 ||     7
Evoke: Wand              |       |       |     2 |    20 ||    22
  Use: Scroll            |       |     2 |    16 |     8 ||    26
       Potion            |       |       |     2 |    16 ||    18
 Stab: Sleeping          |       |     1 |     4 |     7 ||    12
       Confused          |       |       |     1 |       ||     1
       Distracted        |       |       |       |     1 ||     1
  Eat: Chunk             |    16 |    17 |    35 |    43 ||   111
Armor: Robe              |    57 |    49 |   146 |   217 ||   469
Dodge: Dodged            |    84 |    57 |   167 |   355 ||   663
